 Dungeon Crawl Stone Soup version 0.30-a0-782-ge64f9170bb (webtiles) character file.

Game seed: 3788100858441762175

4 Barriton the Gusty (level 1, 3/14 HPs)
             Began as a Draconian Air Elementalist on Mar 13, 2023.
             Got out of the dungeon alive.
             The game lasted 00:00:38 (66 turns).

Barriton the Gusty (Draconian Air Elementalist)       Turns: 66, Time: 00:00:39

Health: 3/14       AC:  5    Str: 10    XL:     1   Next: 58%
Magic:  1/3        EV: 12    Int: 15    God:
Gold:   14         SH:  0    Dex: 11    Spells: 3/4 levels left

rFire   . . .      SeeInvis .    (no weapon)
rCold   . . .      Faith    .    (no shield)
rNeg    . . .      Spirit   .    (body armour unavailable)
rPois   .          Reflect  .    b - +1 hat
rElec   .          Harm     .    (no cloak)
rCorr   .          Rampage  .    (no gloves)
Will    .....                    (no boots)
Stlth   ++                       (no amulet)
HPRegen 0.22/turn                (no ring)
MPRegen 0.08/turn                (no ring)

@: no status effects
A: AC +4, unfitting armour, cold-blooded
a: no special abilities


You escaped.
You visited 1 branch of the dungeon, and saw 1 of its levels.

You collected 14 gold pieces.

Inventory:

Armour
 b - a +1 hat (worn)
Potions
 a - a potion of magic
 c - a potion of heal wounds {unknown}


   Skills:
 + Level 1.7 Dodging
 + Level 1.7 Stealth
 + Level 2.0 Spellcasting
 + Level 1.0 Conjurations
 + Level 3.3 Air Magic


You had 3 spell levels left.
You knew the following spells:

 Your Spells              Type           Power      Damage    Failure   Level
a - Shock                 Conj/Air       32%        1d5       9%          1

Your spell library contained the following spells:

 Spells                   Type           Power      Damage    Failure   Level
 Static Discharge         Conj/Air       16%        2-3/arc   14%         2
 Swiftness                Air            11%        N/A       17%         3
 Airstrike                Air            5%         2d(1-17)  50%         4


Dungeon Overview and Level Annotations

Branches:
Dungeon (1/15)

Altars:


Innate Abilities, Weirdness & Mutations

Your plain brown scales are hard. (AC +4)
You cannot fit into any form of body armour.
You are cold-blooded and may be slowed by cold attacks.


Message History

You hit the quokka.
You kill the quokka!
The jackal barely misses you.
The jackal bites you but does no damage.
The jackal misses you.
You closely miss the kobold. The jackal misses you.
The kobold hits you but does no damage.
The jackal splashes around in the water.
The jackal barely misses you.
You hit the kobold but do no damage.
The jackal splashes around in the water.
The kobold barely misses you. The jackal barely misses you.
Your unstable footing causes you to fumble your attack.
The jackal splashes around in the water.
The jackal closely misses you.
The kobold hits you with a +0 short sword.
* * * LOW HITPOINT WARNING * * *
The jackal splashes around in the water.
Casting: Shock (safe; 9% risk of failure)
Confirm with . or Enter, or press ? or * to list all spells.
Aiming: Shock (safe; 9% risk of failure)
Press: ? - help, Shift-Dir - straight line The zap misses the jackal.
The zap hits the jackal.
The jackal is severely wounded.
The jackal bites you.
* * * LOW HITPOINT WARNING * * *
The jackal barely misses you. The kobold hits you but does no damage.
The jackal barely misses you.
Casting: Shock (safe; 9% risk of failure)
Confirm with . or Enter, or press ? or * to list all spells.
You don't have enough magic to cast this spell.
Unknown command.
The jackal attacks as you move away!
The jackal bites you but does no damage. x2
The jackal closely misses you.
There is a staircase leading out of the dungeon here.
Are you sure you want to leave the Dungeon?
This will make you lose the game!
The jackal bites you but does no damage.
The jackal closely misses you.
You have escaped!

.~.~~...~~.~.~.
.~.~.~~.∩~.~.~~.
.~.~.~∩.~~.~.∩~## .
.~.~.~~....~.~~. ### .
.~.~~..~~~∩~.~# ..##.
.~~.~~...~~~.~# ##....
~.~~.~~~~...~~######.....
~~.~~...~h∩~~............
#~~.~~~.@h~K†.)..........
##~~..~~~~~...##.#....(..
###....#####[##.........
#....# ###......K....)
###..###..........!.$.
##.....#####......>.
##.#### #......).. ...#
..♣♣♣♣♣♣... #.### #.♣
♣...


You could see 2 jackals and a kobold.

Vanquished Creatures
  A goblin (D:1)
  A kobold (D:1)
  A quokka (D:1)
  A bat (D:1)
4 creatures vanquished.

Notes
Turn   | Place    | Note
-------+----------+-------------------------------------------
     0 | D:1      | Barriton the Draconian Air Elementalist began the quest for
                  | the Orb.
     0 | D:1      | Reached XP level 1. HP: 14/14 MP: 3/3
    66 | D:$      | Got out of the dungeon alive.

Illustrated notes

Levels and vault maps discovered:
D:1:      nagdon_arrival_double_spiral, layout_rooms, nrook_campfire

Action                     || total
---------------------------++-------
  Melee: Unarmed           ||    11
   Cast: Shock             ||     5
 Armour: Skin              ||    12
  Dodge: Dodged            ||    36

Table legend: (Time is in decaauts)
 A = Elapsed time spent in this place.
 B = Non-inter-level travel time spent in this place.
 C = Inter-level travel time spent in this place.
 D = Time resting spent in this place.
 E = Time spent auto-exploring this place.
 F = Levels seen in this place.
 G = Mean time per level.
                   A        B        C        D        E       F      G
               +--------+--------+--------+--------+--------+-----+--------+
         Total |     68 |     65 |      3 |      0 |     17 |   1 |   68.0 |
       Dungeon |     68 |     65 |      3 |      0 |     17 |   1 |   68.0 |
               +--------+--------+--------+--------+--------+-----+--------+

Top non-repeatable levels by time:
     D:1: 68 daAuts
